 Dungeon Crawl Stone Soup version 0.17-a0-1651-gae1a69f (webtiles) character file.

109 bladedpenguin the Stinger (level 4, 0/21 HPs)
             Began as a Spriggan Venom Mage on Aug 6, 2015.
             Was an Initiate of Vehumet.
             Succumbed to poison (a potion of poison)
             ... on level 4 of the Dungeon on Aug 14, 2015.
             The game lasted 00:26:34 (3267 turns).

bladedpenguin the Stinger (Spriggan Venom Mage)     Turns: 3267, Time: 00:26:34

Health: 0/21       AC:  2    Str:  4    XL:     4   Next: 59%
Magic:  10/10      EV: 16    Int: 22    God:    Vehumet [......]
Gold:   93         SH:  0    Dex: 16    Spells: 2 memorised, 6 levels left

rFire  . . .     SeeInvis +     i - +0 short sword
rCold  . . .     Clarity  .     a - +0 robe
rNeg   + . .     SustAt   .     (shield restricted)
rPois  .         Gourm    .     (helmet restricted)
rElec  .         Spirit   .     (no cloak)
rCorr  .         Warding  +     (gloves unavailable)
rMut   .         Stasis   .     (boots unavailable)
MR     .....                    d - amulet of warding
Stlth  +++.......               (no ring)
                                g - -3 ring of evasion (curse)

@: brilliant, lethally poisoned (0 -> -4), about to teleport, very quick, not
resistant to hostile enchantments, fairly stealthy
A: unfitting armour, see invisible, herbivore 3, speed 3, slow metabolism 2
a: Renounce Religion


You were on level 4 of the Dungeon.
You worshipped Vehumet.
Vehumet was noncommittal.
You were not hungry.

You visited 1 branch of the dungeon, and saw 4 of its levels.

You collected 93 gold pieces.

Inventory:

Hand weapons
 i - a +0 short sword (weapon)
 s - a +0 dagger
Armour
 a - a +0 robe (worn)
Jewellery
 d - an amulet of warding (around neck)
 g - a cursed -3 ring of evasion (left hand)
Magical devices
 n - a wand of paralysis (10)
 p - a wand of cold (6)
Scrolls
 e - a scroll of magic mapping
 f - 3 scrolls of identify
 l - a scroll of recharging
 o - a scroll of enchant weapon {unknown}
 q - a scroll of immolation {unknown}
Books
 b - a Young Poisoner's Handbook

   Spells                             Type                      Level
   a - Sting                          Conjuration/Poison           1
   b - Cure Poison                    Poison                       2
   c - Mephitic Cloud                 Conjuration/Poison/Air       3
   d - Olgreb's Toxic Radiance        Poison                       4
   e - Venom Bolt                     Conjuration/Poison           5
Comestibles
 c - 3 bread rations
 r - 3 fruits


   Skills:
 + Level 0.1 Fighting
 + Level 4.1 Dodging
 + Level 3.3 Stealth
 + Level 0.1 Unarmed Combat
 + Level 3.6 Spellcasting
 + Level 1.2 Conjurations
 + Level 0.1 Air Magic
 + Level 4.6 Poison Magic


You had 6 spell levels left.
You knew the following spells:

 Your Spells              Type           Power        Failure   Level  Hunger
a - Sting                 Conj/Pois      ####         1%          1    None
b - Mephitic Cloud        Conj/Pois/Air  ####....     2%          3    ###....


Dungeon Overview and Level Annotations

Branches:
Dungeon (4/15)
 Temple: D:4-7

Altars:
Vehumet

Annotations:
D:2 Grinder
D:3 comborobin's ghost, average KoGl
D:4 Pikel


Innate Abilities, Weirdness & Mutations

You are tiny and cannot use many weapons and most armour.
You have supernaturally acute eyesight.
You are a herbivore.
You cover ground extremely quickly.
You need consume almost no food.


Message History

Okay, then.
You offer a prayer to Vehumet.
Vehumet is noncommittal.
* * * LOW HITPOINT WARNING * * *
You feel sick.
* * * LOW HITPOINT WARNING * * *
You feel sick.
* * * LOW HITPOINT WARNING * * *
You feel sick.
* * * LOW HITPOINT WARNING * * *
You feel sick.
You hear the brisk hiss of a very distant avalanche of sand.
Read which item? (? for menu, Esc to quit)
As you read the scroll labeled BOECVEOSEA, it crumbles to dust.
The scroll dissolves into smoke.
It was a scroll of fog.
The hound skeleton misses you.
Read which item? (? for menu, Esc to quit)
As you read the scroll labeled BONGOI JIOZUP, it crumbles to dust.
You feel strangely unstable.
It was a scroll of teleportation.
You die...

#..#... #_...†. #..#...
#...... ######## #....#
#....#
###################....###
#......§Z@§Z§Z............
##.############## #....###
#.#....# #....... #.#.##.#
####Z### #.#.##.# #.# #
#......# #.### ###.####
#.#..
#.#################.###
#......Z............#


You could see 2 hound skeletons.

Vanquished Creatures
  3 adders
  4 worms
  3 giant geckos (D:2)
  5 orcs (D:4)
  3 giant cockroaches
  6 goblins
  5 hobgoblins
  10 kobolds
  3 quokkas
  2 ball pythons
  8 bats
  2 giant newts (D:2)
  9 rats
63 creatures vanquished.

Notes
Turn   | Place    | Note
--------------------------------------------------------------
     0 | D:1      | bladedpenguin the Spriggan Venom Mage began the quest for the Orb.
     0 | D:1      | Reached XP level 1. HP: 9/9 MP: 5/5
   420 | D:1      | Reached XP level 2. HP: 13/13 MP: 0/6
   977 | D:1      | Upgraded the game from 0.17-a0-1636-g3119f2b to 0.17-a0-1650-gce8475a
  1321 | D:2      | Reached XP level 3. HP: 4/16 MP: 4/8
  1844 | D:2      | Reached skill level 1 in Conjurations
  2176 | D:2      | Reached XP level 4. HP: 10/21 MP: 4/9
  2626 | D:3      | Learned a level 3 spell: Mephitic Cloud
  2636 | D:3      | Noticed comborobin's ghost (average KoGl)
  2645 | D:3      | Upgraded the game from 0.17-a0-1650-gce8475a to 0.17-a0-1651-gae1a69f
  2831 | D:3      | Noticed Grinder
  3062 | D:4      | Found a radiant altar of Vehumet.
  3075 | D:4      | Became a worshipper of Vehumet
  3098 | D:4      | Noticed Pikel
  3098 | D:4      | Noticed a slave
  3098 | D:4      | Noticed a slave
  3101 | D:4      | Noticed a slave
  3135 | D:4      | Noticed a slave
  3262 | D:4      | HP: 1/21 [poison (a potion of poison)]
  3267 | D:4      | Succumbed to poison (a potion of poison)

Vault maps used:
D:1:      elethiomel_arrival_infinity_welcomes_careful_drivers
D:2:      kennysheep_generic_room_13
D:3:      first_bread, st_stairs_5, uniq_grinder
D:4:      lemuel_coloured_pillars_altar, enter_ossuary_1, uniq_pikel

Action                   |  1- 3 |  4- 6 || total
-------------------------+-------+-------++-------
Melee: Unarmed           |    16 |       ||    16
       Short sword       |    17 |    24 ||    41
 Cast: Sting             |    93 |    39 ||   132
       Mephitic Cloud    |       |     2 ||     2
Evoke: Wand              |       |     4 ||     4
  Use: Scroll            |     1 |     3 ||     4
       Potion            |       |     3 ||     3
 Stab: Sleeping          |     2 |     3 ||     5
       Confused          |       |     2 ||     2
